 Dungeon Crawl Stone Soup version 0.31-a0-931-g7b59d4eb97 (webtiles) character file.

Game seed: 8573169830155152718

53 GabrielManson the Chopper (level 3, -1/27 HPs)
             Began as a Demonspawn Gladiator on Oct 19, 2023.
             Slain by Grinder (4 damage)
             ... on level 3 of the Dungeon.
             The game lasted 00:03:44 (1568 turns).

GabrielManson the Chopper (Demonspawn Gladiator)    Turns: 1568, Time: 00:03:44

Health: -1/27      AC:  4    Str: 15 (16) XL:     3   Next: 64%
Magic:  2/2        EV: 12    Int:  8 (9)  God:
Gold:   124        SH:  0    Dex: 13 (14) Spells: 2/2 levels left

rFire   . . .        a - +0 war axe
rCold   . . .        (no shield)
rNeg    . . .        b - +0 leather armour
rPois   +            c - +0 helmet
rElec   .            (no cloak)
rCorr   .            (no gloves)
SInv    .            (no boots)
Will    .....        (no amulet)
Stlth   +            (no ring)
HPRegen 0.24/turn    (no ring)
MPRegen 0.16/turn

%: no passive effects
@: mighty, brilliant
A: magic regeneration, low MP 1, poison resistance, MP-powered wands
a: no special abilities


You were on level 3 of the Dungeon.
You visited 1 branch of the dungeon, and saw 3 of its levels.

You collected 124 gold pieces.

Inventory:

Hand Weapons
 a - a +0 war axe (weapon)
Missiles
 d - 3 throwing nets (quivered)
 e - a javelin
Armour
 b - a +0 leather armour (worn)
 c - a +0 helmet (worn)
Scrolls
 g - 2 scrolls of identify {unknown}
 h - a scroll of enchant weapon {unknown}
 i - 2 scrolls of silence {unknown}
 k - 2 scrolls of teleportation {unknown}
 n - a scroll of amnesia {unknown}
 o - a scroll of brand weapon {unknown}
 q - a scroll of poison {unknown}
Potions
 f - a potion of brilliance
 p - a potion of resistance {unknown}


   Skills:
 + Level 2.3 Fighting
 + Level 3.5 Axes
 + Level 1.7 Throwing
 + Level 0.2 Armour
 + Level 3.2 Dodging
 + Level 0.2 Stealth


You had 2 spell levels left.
You didn't know any spells.
Your spell library was empty.

Dungeon Overview and Level Annotations

Branches:
Dungeon (3/15)

Altars:

Annotations:
D:3 Grinder


Innate Abilities, Weirdness & Mutations

You regenerate magic rapidly.
Your magical capacity is low. (-10% MP)
Your system is resistant to poisons. (rPois)
You expend magic power (3 MP) to strengthen your wands.


Message History

You slash Grinder!
Grinder is heavily wounded.
Grinder gestures at you. Pain shoots through your body! Grinder misses you.
You barely miss Grinder.
Grinder is moderately wounded.
Grinder hits you.
You writhe in agony.
You are too injured to fight recklessly!
You are too injured to fight recklessly!
You are too injured to fight recklessly!
You are too injured to fight recklessly!
You are too injured to fight recklessly!
You are too injured to fight recklessly!
You are too injured to fight recklessly!
You are too injured to fight recklessly!
You are too injured to fight recklessly!
You are too injured to fight recklessly!
You are too injured to fight recklessly!
You are too injured to fight recklessly!
You are too injured to fight recklessly!
You are too injured to fight recklessly!
It was a potion of brilliance.
You feel clever all of a sudden. Grinder hits you.
* * * LOW HITPOINT WARNING * * *
You writhe in agony.
* * * LOW HITPOINT WARNING * * *
It was a potion of mutation.
You feel extremely strange.
You feel resistant to poisons.
You feel less energetic.
You feel your magical essence link to the dungeon's wands.
Grinder closely misses you.
It was a potion of might.
You feel very mighty all of a sudden. Grinder completely misses you.
It was a potion of degeneration.
There was something very wrong with that liquid.
You feel weakened.
You feel dopey.
You feel clumsy. Grinder hits you.
You die...
Grinder says, "Now the real fun starts!"

?.# .. #....# ..
.....# .. #.##.#
.# #.##.# .#
######.##.# .# #
#...##.##.# .#
#.##.#.##.##.#
.####.##.#.##.##@#
..........)...##5#
...(.............#
..######.#.#######
.## #.#.# .# #.#.#
.# #.#.# .# #.#.#
## #.#.#


You could see Grinder.

Vanquished Creatures
  A gnoll (D:1)
  A worm (D:2)
  3 dart slugs
  4 endoplasms
  3 giant cockroaches
  4 goblins (D:2)
  2 hobgoblins (D:1)
  2 quokkas
  3 ball pythons
  A bat (D:1)
  3 kobolds
  8 rats
35 creatures vanquished.

Notes
Turn   | Place    | Note
-------+----------+-------------------------------------------
     0 | D:1      | GabrielManson the Demonspawn Gladiator began the quest for
                  | the Orb.
     0 | D:1      | Reached XP level 1. HP: 16/16 MP: 1/1
   191 | D:1      | Gained mutation: You regenerate magic rapidly. [demonic
                  | ancestry]
   191 | D:1      | Reached XP level 2. HP: 18/22 MP: 2/2
   714 | D:2      | Reached XP level 3. HP: 22/27 MP: 3/3
   881 | D:2      | Found a faded altar of an unknown god.
  1507 | D:3      | Identified the of Muvan
  1554 | D:3      | Noticed Grinder
  1566 | D:3      | Gained mutation: Your system is resistant to poisons.
                  | (rPois) [potion of mutation]
  1566 | D:3      | Gained mutation: Your magical capacity is low. (-10% MP)
                  | [potion of mutation]
  1566 | D:3      | Gained mutation: You expend magic power (3 MP) to
                  | strengthen your wands. [potion of mutation]
  1568 | D:3      | Slain by Grinder

Illustrated notes

Levels and vault maps discovered:
D:1:      minmay_arrival_widening_spiral_wide, layout_basic
D:2:      layout_loops_ring, shapermc_ecumenical_altar_ellora
D:3:      layout_loops_ring, chequers_serial_rivers_small_b, uniq_grinder

Skill      XL: |  1  2 |
---------------+-------+-----
Dodging        | 3 |  3.2
Axes           | 3 |  3.5
Fighting       | |  2.3
Throwing       | |  1.7
Armour         | |  0.2
Stealth        | |  0.2

Action                     || total
---------------------------++-------
  Melee: War axe           ||   117
         Punch             ||     1
    Use: Potion            ||     4
   Stab: Sleeping          ||     2
 Armour: Leather armour    ||    68
  Dodge: Dodged            ||    79

Table legend: (Time is in decaauts)
 A = Elapsed time spent in this place.
 B = Non-inter-level travel time spent in this place.
 C = Inter-level travel time spent in this place.
 D = Time resting spent in this place.
 E = Time spent auto-exploring this place.
 F = Levels seen in this place.
 G = Mean time per level.
                   A        B        C        D        E       F      G
               +--------+--------+--------+--------+--------+-----+--------+
         Total |   1608 |   1547 |     61 |      0 |   1177 |   3 |  536.0 |
       Dungeon |   1608 |   1547 |     61 |      0 |   1177 |   3 |  536.0 |
               +--------+--------+--------+--------+--------+-----+--------+

Top non-repeatable levels by time:
     D:2: 832 daAuts
     D:1: 712 daAuts
     D:3: 63 daAuts
